Map: Coda LE

Players

Kantuva - Winner!

  • Race: Zerg Zerg
  • Spawn Location: 5:00

VOD

Have the link to the VOD?

Description

Time

  • Played on: April 1, 2015, 12:44 a.m.
  • Length: 3:32
Show
View Real Time Build Order
Export as new Build Order

Kantuva Zerg - Winner!

Build Orders: Pool First 

Get SALT Encoding   

  12  0:08  Drone  
  12  0:18  Overlord  
  12  0:26  Drone  
  12  0:30  Extractor  
  12  0:32  Drone  
  12  0:43  Spawning Pool  
  12  0:48  Drone  
  12  0:58  Drone x2  
  12  1:03  Drone  
  12  1:16  Overlord  
  12  1:31  Metabolic Boost  
  12  1:32  Queen  
  12  1:35  Zergling x2  
  12  1:45  Zergling x2  
  12  1:56  Zergling x2  
  12  2:07  Overlord  
  12  2:15  Baneling Nest  
  12  2:19  Zergling x2  
  12  2:33  Zergling x2  
  12  2:38  Hatchery  
  12  2:43  Zergling x6  
  12  2:44  Zergling x4  
  12  2:54  Zergling x2  
  12  2:59  Baneling x3  
  12  3:04  Drone  
Tags
 
Opening
Pool First
Race
Zerg
Add a new tag
Caveats
  • Supply blocks, unpowered buildings, or Contaminate may cause inaccurate times.
  • Supply counts are checked every 10 seconds.